 Dungeon Crawl Stone Soup version 0.32-a0-872-g59262bdc9b (webtiles) character file.

Game seed: 4027824795704567686

101 Biggs the Shooter (level 4, 0/33 HPs)
             Began as a Coglin Hunter on Mar 31, 2024.
             Slain by an orc wizard
             ... wielding a +2 dagger of protection
              (1 damage)
             ... on level 3 of the Dungeon.
             The game lasted 00:03:07 (2379 turns).

Biggs the Shooter (Coglin Hunter)                   Turns: 2379, Time: 00:03:07

Health: 0/33       AC:  5    Str: 11    XL:     4   Next: 75%
Magic:  4/4        EV: 11    Int:  9    God:
Gold:   184        SH:  0    Dex: 19    Spells: 3/3 levels left

rFire   . . .        a - +2 sling {Bunsong}
rCold   . . .        d - +0 sling {Hwan}
rNeg    . . .        c - +0 leather armour
rPois   .            f - +0 helmet
rElec   .            h - +0 cloak
rCorr   .            (no gloves)
SInv    .            (no boots)
Will    .....        (amulet unavailable)
Stlth   +            (ring unavailable)
HPRegen 0.25/turn    (ring unavailable)
MPRegen 0.09/turn    (no gizmo)

%: no passive effects
@: confused, mighty, revving
A: off-hand wielding, slow wielding, warmup strikes, no jewellery
a: Invent Gizmo


You were on level 3 of the Dungeon.
You visited 1 branch of the dungeon, and saw 4 of its levels.

You collected 184 gold pieces.

Inventory:

Hand Weapons
 a - a +2 sling (weapon) {Bunsong}
 d - a +0 sling (offhand) {Hwan}
Armour
 c - a +0 leather armour (worn)
 f - a +0 helmet (worn)
 h - a +0 cloak (worn)
Scrolls
 b - a scroll of butterflies
 j - a scroll of teleportation {unknown}
 l - 2 scrolls of blinking {unknown}
 m - a scroll of revelation {unknown}
 n - 2 scrolls of fear {unknown}
 o - a scroll of poison {unknown}
 p - a scroll of identify {unknown}
Potions
 i - 5 potions of mutation {unknown}
 k - a potion of attraction {unknown}


   Skills:
 - Level 2.0 Fighting
 + Level 5.4 Ranged Weapons
 - Level 1.7 Dodging
 - Level 0.7 Stealth


You had 3 spell levels left.
You didn't know any spells.
Your spell library contained the following spells:

 Spells                   Type           Power      Damage    Failure   Level
 Apportation              Tloc           0%         N/A       47%         1
 Necrotise                Necr           0%         1d4       47%         1
 Sting                    Conj/Alch      0%         1d3       47%         1
 Summon Small Mammal      Summ           0%         N/A       47%         1
 Hailstorm                Conj/Ice       0%         3d5       85%         3
 Inner Flame              Hex/Fire       0%         N/A       85%         3
 Stone Arrow              Conj/Erth      0%         3d7       85%         3
 Summon Ice Beast         Ice/Summ       0%         N/A       85%         3
 Animate Armour           Summ/Erth      0%         N/A       99%         4
 Flame Wave               Conj/Fire      0%         2d4       99%         4
 Summon Blazeheart Golem  Fire/Summ      0%         N/A       99%         4
 Permafrost Eruption      Ice/Erth       0%         2x4d1     100%        6
 Sculpt Simulacrum        Ice/Alch       0%         N/A       100%        6
 Lehudib's Crystal Spear  Conj/Erth      0%         10d2      100%        8
 Fire Storm               Conj/Fire      0%         5d1       100%        9


Dungeon Overview and Level Annotations

Branches:
Dungeon (4/15)
 Temple: D:4-7

Altars:
Elyvilon
Makhleb

Shops:
D:3 :


Innate Abilities, Weirdness & Mutations

You can wield a second weapon in your off-hand.
It takes a long time for you to wield or remove held weapons.
Your first few attacks do less damage.
You cannot equip rings or amulets.


Message History

You shoot a sling bullet. x2; The orc hits you but does no damage.
Something hits you.
You shoot a sling bullet. The sling bullet hits the orc.
The orc is almost dead.
You shoot a sling bullet.
The sling bullet closely misses the orc.
The orc hits you with a +0 short sword. Something hits you.
* * * LOW HITPOINT WARNING * * *
You shoot a sling bullet. The sling bullet barely misses the orc.
You shoot a sling bullet.
The sling bullet hits the orc but does no damage.
The orc is almost dead.
The orc hits you but does no damage. Something hits you.
* * * LOW HITPOINT WARNING * * *
The orc hits you but does no damage.
You shoot a sling bullet. The sling bullet hits the orc.
You kill the orc!
You shoot a sling bullet.
You hear some strange, mumbled words.
You are confused.
Something hits you.
* * * LOW HITPOINT WARNING * * *
You are too confused!
Unknown command.
It was a potion of curing.
You feel better.
You hear some strange, mumbled words.
You are confused.
Unknown command.
You bump into the rock wall.
You hear some strange, mumbled words.
You are more confused.
Something hits you.
* * * LOW HITPOINT WARNING * * *
You bump into the rock wall.
You bump into the rock wall.
Something hits you.
* * * LOW HITPOINT WARNING * * *
It was a potion of might.
You feel very mighty all of a sudden. Something hits you.
You die...

######## #########
#......# #.......#
#.####.# ##.#####.## #.#
#.###.........#
#.####)##..#######.####
#....>.....# #.....
#..###{###.# #<####
#..###@# #.# #.....
#......# #.# #.###.
#####.##### #.# #.###.
#........# #.#######..[..
#.###.##.# #.......รท.....
#.# #.##.# ###'######.##.
#.###.##.# ##...## #.##.
#.##..##.# ##.....## #.##.
#........###.......###.##.


There were no monsters in sight!

Vanquished Creatures
  A jelly (D:3)
  2 adders
  5 orcs (D:3)
  4 bats
  An endoplasm (D:2)
  3 giant cockroaches
  4 goblins
  5 hobgoblins
  3 jackals (D:1)
  3 quokkas
  3 ball pythons
  4 frilled lizards
  2 kobolds (D:1)
  4 rats
44 creatures vanquished.

Notes
Turn   | Place    | Note
-------+----------+-------------------------------------------
     0 | D:1      | Biggs the Coglin Hunter began the quest for the Orb.
     0 | D:1      | Reached XP level 1. HP: 16/16 MP: 1/1
   319 | D:1      | Reached skill level 4 in Ranged Weapons
   319 | D:1      | Reached XP level 2. HP: 22/22 MP: 2/2
   546 | D:1      | Reached XP level 3. HP: 27/27 MP: 3/3
  1346 | D:2      | Found a burning altar of Makhleb.
  1582 | D:3      | Found a white marble altar of Elyvilon.
  1757 | D:3      | Got the Tome of Heat
  1877 | D:3      | Reached skill level 5 in Ranged Weapons
  1877 | D:3      | Reached XP level 4. HP: 33/33 MP: 4/4
  2206 | D:3      | Found Pireefef's Book Boutique.
  2357 | D:4      | Noticed a bullfrog
  2372 | D:3      | HP: 1/33 [something (6)]
  2378 | D:3      | HP: 1/33 [something (4)]
  2379 | D:3      | Slain by an orc wizard

Illustrated notes

Levels and vault maps discovered:
D:1:      arrival_zaba_pyramid, layout_basic, serial_forest,
          infiniplex_forest_clump_small, infiniplex_forest_straight_2,
          infiniplex_forest_clump_small, infiniplex_forest_clump_diagonal,
          infiniplex_forest_clump_small
D:2:      layout_loops_ring, basic_altar
D:3:      layout_loops_corners, lemuel_round_altar, serial_shops, shop,
          amcnicky_mini_rare_corridor_liquid, minmay_misc_feat_roman
D:4:      layout_basic, amcnicky_altar_gilded,
          nicolae_shop_i_like_small_books_too, grunt_decor_arrowhead

Skill      XL: |  1  2  3 |
---------------+----------+-----
Ranged Weapons | 4 5 |  5.4
Fighting       | |  2.0
Dodging        | |  1.7
Stealth        | |  0.7

Action                     |  1- 3 |  4- 6 || total
---------------------------+-------+-------++-------
  Melee: Sling             |       |     6 ||     6
   Fire: Sling             |   114 |    56 ||   170
    Use: Potion            |       |     2 ||     2
 Armour: Leather armour    |     7 |    25 ||    32
  Dodge: Dodged            |     3 |    11 ||    14

Table legend: (Time is in decaauts)
 A = Elapsed time spent in this place.
 B = Non-inter-level travel time spent in this place.
 C = Inter-level travel time spent in this place.
 D = Time resting spent in this place.
 E = Time spent auto-exploring this place.
 F = Levels seen in this place.
 G = Mean time per level.
                   A        B        C        D        E       F      G
               +--------+--------+--------+--------+--------+-----+--------+
         Total |   2397 |   2293 |    104 |      0 |   2055 |   4 |  599.2 |
       Dungeon |   2397 |   2293 |    104 |      0 |   2055 |   4 |  599.2 |
               +--------+--------+--------+--------+--------+-----+--------+

Top non-repeatable levels by time:
     D:1: 996 daAuts
     D:3: 816 daAuts
     D:2: 578 daAuts
     D:4: 6 daAuts
